[Event "45th FIDE Womens Olympiad 2024"]
[Site "Budapest"]
[Date "2024.09.13"]
[Round "3.24"]
[White "Hoareau, Rachelle"]
[Black "Aayat Asmi"]
[Result "0-1"]
[ECO "B08"]
[WhiteElo "1625"]
[BlackElo "1421"]
[Annotator "NA"]
[PlyCount "112"]
[EventDate "2024.09.05"]
[EventType "team-tourn"]
[EventCountry "HUN"]
[SourceTitle "playchess.com"]
[Source "ChessBase"]
[SourceQuality "1"]
[WhiteTeam "Seychelles"]
[BlackTeam "Pakistan"]
[WhiteTeamCountry "SEY"]
[BlackTeamCountry "PAK"]
[TimeControl "40/5400+30:1800+30"]

1. d4 Nf6 2. Nf3 g6 3. Nc3 Bg7 4. e4 d6 5. Bg5 h6 6. Bh4 O-O 7. Be2 Nbd7 8. d5 Nc5 9. Bxf6 Bxf6 10. O-O Bxc3 11. bxc3 Nxe4 12. Bd3 Nf6 13. c4 e5 14. Qd2 e4 15. Qxh6 Ng4 16. Qh3 exd3 17. cxd3 Kg7 18. Qg3 Qf6 19. h3 Ne5 20. Rad1 Nxf3+ 21. gxf3 Bf5 22. Kg2 Qc3 23. h4 Bxd3 24. Rh1 Rh8 25. Qg5 Be2 26. Rc1 Qxf3+ 27. Kg1 Rh5 28. Qg3 Qxg3+ 29. fxg3 Re8 30. Rb1 b6 31. Rb2 Bxc4 32. Rd2 Re1+ 33. Kg2 Rxh1 34. Kxh1 Rxd5 35. Rf2 Re5 36. Rf4 Bxa2 37. Kh2 Re2+ 38. Kg1 b5 39. Kf1 Bc4 40. Kg1 Re1+ 41. Kf2 Rf1+ 42. Kg2 Rxf4 43. gxf4 a5 44. Kg3 a4 45. Kg4 a3 46. h5 a2 47. Kg5 gxh5 48. f5 a1=Q 49. Kxh5 Qh1+ 50. Kg5 Qh6+ 51. Kg4 b4 52. Kf3 b3 53. Ke4 b2 54. Kd4 b1=Q 55. Kxc4 Qhc1+ 56. Kd5 Qd3# 0-1

[Event "45th FIDE Womens Olympiad 2024"]
[Site "Budapest"]
[Date "2024.09.13"]
[Round "3.25"]
[White "Mammadzada, Gunay"]
[Black "Francisco Guecamburu, Candela Be"]
[Result "1/2-1/2"]
[ECO "C79"]
[WhiteElo "2433"]
[BlackElo "2294"]
[Annotator "RC"]
[PlyCount "60"]
[EventDate "2024.09.05"]
[EventType "team-tourn"]
[EventCountry "HUN"]
[SourceTitle "playchess.com"]
[Source "ChessBase"]
[SourceQuality "1"]
[WhiteTeam "Azerbaijan"]
[BlackTeam "Argentina"]
[WhiteTeamCountry "AZE"]
[BlackTeamCountry "ARG"]
[TimeControl "40/5400+30:1800+30"]

1. e4 e5 2. Nf3 Nc6 3. Bb5 a6 4. Ba4 Nf6 5. O-O d6 6. c3 Bd7 7. d4 exd4 8. cxd4 Nxe4 9. d5 Ne5 10. Re1 Nf6 11. Nxe5 dxe5 12. Rxe5+ Be7 13. Bc2 O-O 14. h3 Bd6 15. Re1 Re8 16. Nc3 Rxe1+ 17. Qxe1 Qe8 18. Qxe8+ Rxe8 19. Be3 Be5 20. Rd1 b5 21. a3 a5 22. Bd4 b4 23. axb4 axb4 24. Bxe5 Rxe5 25. Na2 Rxd5 26. Nxb4 Rxd1+ 27. Bxd1 Bb5 28. Bf3 Kf8 29. Nd5 Nxd5 30. Bxd5 Ke7 1/2-1/2

[Event "45th FIDE Womens Olympiad 2024"]
[Site "Budapest"]
[Date "2024.09.13"]
[Round "3.25"]
[White "Lima, Izidora Lourenco"]
[Black "Jacobs, Annelaine"]
[Result "1-0"]
[ECO "B34"]
[WhiteElo "1579"]
[BlackElo "1763"]
[Annotator "NA"]
[PlyCount "64"]
[EventDate "2024.09.05"]
[EventType "team-tourn"]
[EventCountry "HUN"]
[SourceTitle "playchess.com"]
[Source "ChessBase"]
[SourceQuality "1"]
[WhiteTeam "Sao Tome and Principe"]
[BlackTeam "Aruba"]
[WhiteTeamCountry "SAO"]
[BlackTeamCountry "ARN"]
[TimeControl "40/5400+30:1800+30"]

1. e4 c5 2. Nf3 g6 3. d4 cxd4 4. Nxd4 Nf6 5. Nc3 Nc6 6. Be3 Bg7 7. Be2 O-O 8. O-O d5 9. exd5 Nxd5 10. Nxd5 Qxd5 11. Bf3 Qc4 12. Nxc6 bxc6 13. c3 Bf5 14. Qb3 Qa6 15. Qb4 e5 16. Qc5 e4 17. Bd1 Qb5 18. Bb3 a6 19. Rfd1 Qxc5 20. Bxc5 Rfd8 21. Bb6 Rxd1+ 22. Rxd1 Rb8 23. Rd8+ Rxd8 24. Bxd8 Be5 25. Bb6 Kf8 26. Bc4 Bc8 27. a4 Ke8 28. h3 f5 29. Kf1 h6 30. Ke2 Ke7 31. Ke3 Ke8 32. Bd4 Bd6 1-0

[Event "45th FIDE Womens Olympiad 2024"]
[Site "Budapest"]
[Date "2024.09.13"]
[Round "3.26"]
[White "Campos, Maria Jose"]
[Black "Fataliyeva, Ulviyya"]
[Result "1-0"]
[ECO "E05"]
[WhiteElo "2252"]
[BlackElo "2378"]
[Annotator "RC"]
[PlyCount "117"]
[EventDate "2024.09.05"]
[EventType "team-tourn"]
[EventCountry "HUN"]
[SourceTitle "playchess.com"]
[Source "ChessBase"]
[SourceQuality "1"]
[WhiteTeam "Argentina"]
[BlackTeam "Azerbaijan"]
[WhiteTeamCountry "ARG"]
[BlackTeamCountry "AZE"]
[TimeControl "40/5400+30:1800+30"]

1. Nf3 d5 2. c4 e6 3. g3 Nf6 4. Bg2 Be7 5. O-O O-O 6. d4 dxc4 7. Qc2 a6 8. a4 Bd7 9. Rd1 Bc6 10. Bg5 Nbd7 11. Nbd2 h6 12. Bxf6 Nxf6 13. Qxc4 Rc8 14. Qc2 Bb4 15. Nb3 Be4 16. Qc4 Qe7 17. Rac1 b5 18. axb5 axb5 19. Qxb5 Rb8 20. Qa6 Rb6 21. Qc4 Bd5 22. Qd3 Bxb3 23. Qxb3 Bd2 24. Qxb6 cxb6 25. Rxd2 b5 26. Ne5 Qb4 27. Rcc2 Qa4 28. Bf3 b4 29. Kg2 Nd5 30. Rc5 Qa1 31. Nd3 b3 32. e4 Nf6 33. Rc3 Rb8 34. d5 exd5 35. exd5 g5 36. h3 h5 37. d6 g4 38. hxg4 hxg4 39. Bc6 Kg7 40. d7 Rh8 41. Nc1 Qa5 42. Nxb3 Qh5 43. Kf1 Rd8 44. Nc5 Qf5 45. Rdd3 Qh7 46. b4 Qh3+ 47. Kg1 Nxd7 48. Rxd7 Re8 49. Rd1 Re2 50. Rc4 Qh5 51. Nd3 Qf5 52. Nf4 Rb2 53. Rc5 Qc8 54. Nh5+ Kh8 55. Re1 Qa6 56. Re8+ Kh7 57. Be4+ f5 58. Bxf5+ Kh6 59. Rh8+ 1-0

[Event "45th FIDE Womens Olympiad 2024"]
[Site "Budapest"]
[Date "2024.09.13"]
[Round "3.27"]
[White "Balajayeva, Khanim"]
[Black "Borda Rodas, Anapaola S."]
[Result "1/2-1/2"]
[ECO "C60"]
[WhiteElo "2384"]
[BlackElo "2216"]
[Annotator "RC"]
[PlyCount "104"]
[EventDate "2024.09.05"]
[EventType "team-tourn"]
[EventCountry "HUN"]
[SourceTitle "playchess.com"]
[Source "ChessBase"]
[SourceQuality "1"]
[WhiteTeam "Azerbaijan"]
[BlackTeam "Argentina"]
[WhiteTeamCountry "AZE"]
[BlackTeamCountry "ARG"]
[TimeControl "40/5400+30:1800+30"]

1. e4 e5 2. Nf3 Nc6 3. Bb5 g6 4. c3 a6 5. Bxc6 dxc6 6. Nxe5 Qg5 7. d4 Qxg2 8. Qf3 Qxf3 9. Nxf3 Nf6 10. Nbd2 Bd7 11. O-O O-O-O 12. Re1 h6 13. Nf1 Nh5 14. Ng3 Nxg3 15. hxg3 Bg7 16. Be3 Rde8 17. Nd2 h5 18. Kg2 h4 19. gxh4 Rxh4 20. Rh1 Rg4+ 21. Kf1 Rh8 22. Rxh8+ Bxh8 23. f3 Rh4 24. Kg2 Be6 25. a3 Bf6 26. Rh1 Rxh1 27. Kxh1 a5 28. Kg2 Be7 29. Kg3 b6 30. Kf2 Bh4+ 31. Ke2 Be7 32. Kd3 g5 33. Nf1 f5 34. exf5 Bxf5+ 35. Ke2 g4 36. fxg4 Bxg4+ 37. Kd2 Bd6 38. Bf2 Bf4+ 39. Be3 Bd6 40. Bf2 Be6 41. Bg3 Be7 42. Bf2 Bh3 43. Ng3 Bg5+ 44. Be3 Be7 45. Ne2 Bf5 46. Nf4 Bf6 47. Nd3 Kd7 48. Bf4 Be4 49. Ne5+ Kc8 50. Nd3 Kd7 51. Ne5+ Kc8 52. Nd3 Kd7 1/2-1/2

[Event "45th FIDE Womens Olympiad 2024"]
[Site "Budapest"]
[Date "2024.09.13"]
[Round "3.28"]
[White "Amura, Claudia"]
[Black "Mammadova, Gulnar"]
[Result "0-1"]
[ECO "A50"]
[WhiteElo "2191"]
[BlackElo "2336"]
[Annotator "RC"]
[PlyCount "74"]
[EventDate "2024.09.05"]
[EventType "team-tourn"]
[EventCountry "HUN"]
[SourceTitle "playchess.com"]
[Source "ChessBase"]
[SourceQuality "1"]
[WhiteTeam "Argentina"]
[BlackTeam "Azerbaijan"]
[WhiteTeamCountry "ARG"]
[BlackTeamCountry "AZE"]
[TimeControl "40/5400+30:1800+30"]

1. d4 Nf6 2. c4 e6 3. Bf4 d5 4. cxd5 Nxd5 5. Bg3 c5 6. e4 Nf6 7. Nd2 Nc6 8. e5 Nd7 9. Ngf3 cxd4 10. a3 Be7 11. Rc1 O-O 12. Bd3 f5 13. h4 Nc5 14. Bb1 a5 15. Bf4 b5 16. g4 Qd5 17. gxf5 exf5 18. Rh3 Ne6 19. Bh2 a4 20. Nf1 Nc5 21. Bf4 Be6 22. Qe2 b4 23. Ng5 h6 24. Nxe6 Nxe6 25. Bh2 Rac8 26. Rd1 f4 27. Qd3 Qxe5+ 28. Re3 Qf6 29. Qh7+ Kf7 30. h5 Bd6 31. Qg6+ Qxg6 32. Bxg6+ Ke7 33. Rh3 Ng5 34. Rhd3 Ne5 35. Rxd4 Ngf3+ 36. Ke2 Nxd4+ 37. Rxd4 Nxg6 0-1

[Event "45th FIDE Womens Olympiad 2024"]
[Site "Budapest"]
[Date "2024.09.13"]
[Round "3.29"]
[White "Ouellet, Maili-Jade"]
[Black "Tokhirjonova, Gulrukhbegim"]
[Result "1/2-1/2"]
[ECO "E48"]
[WhiteElo "2318"]
[BlackElo "2380"]
[Annotator "RC"]
[PlyCount "81"]
[EventDate "2024.09.05"]
[EventType "team-tourn"]
[EventCountry "HUN"]
[SourceTitle "playchess.com"]
[Source "ChessBase"]
[SourceQuality "1"]
[WhiteTeam "Canada"]
[BlackTeam "United States of America"]
[WhiteTeamCountry "CAN"]
[BlackTeamCountry "USA"]
[TimeControl "40/5400+30:1800+30"]

1. d4 Nf6 2. c4 e6 3. Nc3 Bb4 4. e3 O-O 5. Bd3 d5 6. Nge2 b6 7. a3 Bd6 8. e4 dxe4 9. Nxe4 Bb7 10. Nxd6 cxd6 11. O-O d5 12. Bg5 dxc4 13. Bxc4 b5 14. Ba2 Nbd7 15. Nc3 h6 16. Be3 a6 17. d5 exd5 18. Nxd5 Nxd5 19. Bxd5 Bxd5 20. Qxd5 Nf6 21. Qc6 Qd5 22. Rac1 Qe5 23. Qc3 Qxc3 24. Rxc3 Nd5 25. Rd3 Nxe3 26. Rxe3 Rac8 27. Rfe1 Rc2 28. R3e2 Rfc8 29. g3 a5 30. Kf1 g5 31. Rxc2 Rxc2 32. Re2 Rc5 33. Ke1 Kg7 34. Kd2 Kf6 35. Kd3 Kf5 36. Re4 h5 37. h3 Kg6 38. b4 axb4 39. axb4 Rf5 40. Ke3 Rd5 41. Rd4 1/2-1/2

[Event "45th FIDE Womens Olympiad 2024"]
[Site "Budapest"]
[Date "2024.09.13"]
[Round "3.30"]
[White "Yip, Carissa"]
[Black "Li, Yunshan"]
[Result "1-0"]
[ECO "B30"]
[WhiteElo "2386"]
[BlackElo "2268"]
[Annotator "RC"]
[PlyCount "81"]
[EventDate "2024.09.05"]
[EventType "team-tourn"]
[EventCountry "HUN"]
[SourceTitle "playchess.com"]
[Source "ChessBase"]
[SourceQuality "1"]
[WhiteTeam "United States of America"]
[BlackTeam "Canada"]
[WhiteTeamCountry "USA"]
[BlackTeamCountry "CAN"]
[TimeControl "40/5400+30:1800+30"]

1. e4 c5 2. Nf3 e6 3. d3 Nc6 4. g3 Nf6 5. Bg2 Be7 6. O-O O-O 7. Re1 d6 8. c3 Bd7 9. d4 cxd4 10. cxd4 d5 11. e5 Ne4 12. Nbd2 Nxd2 13. Bxd2 Rc8 14. Bf1 f5 15. exf6 Bxf6 16. Bc3 Qe8 17. h4 Qf7 18. Qd2 Be7 19. Re3 Qh5 20. Be2 Qf5 21. Bd3 Qh5 22. Be2 Qf5 23. Rf1 Rf7 24. b4 Bf6 25. Nh2 Be7 26. b5 Nd8 27. Re5 Qg6 28. h5 Qh6 29. Qe1 g5 30. Ng4 Qg7 31. h6 Qg6 32. Qd2 Rf8 33. Bd3 Qh5 34. Bb4 Bxb4 35. Rxg5+ Kh8 36. Qxb4 Nc6 37. Qxf8+ Rxf8 38. Rxh5 Nxd4 39. Ne5 Bxb5 40. Bxb5 Nxb5 41. Rc1 1-0

[Event "45th FIDE Womens Olympiad 2024"]
[Site "Budapest"]
[Date "2024.09.13"]
[Round "3.30"]
[White "Oyenga, Justine Anassika"]
[Black "Hussin, Fazreena"]
[Result "1/2-1/2"]
[ECO "C02"]
[WhiteElo "1503"]
[BlackElo "1700"]
[Annotator "NA"]
[PlyCount "97"]
[EventDate "2024.09.05"]
[EventType "team-tourn"]
[EventCountry "HUN"]
[SourceTitle "playchess.com"]
[Source "ChessBase"]
[SourceQuality "1"]
[WhiteTeam "Togo"]
[BlackTeam "Brunei Darussalam"]
[WhiteTeamCountry "TOG"]
[BlackTeamCountry "BRN"]
[TimeControl "40/5400+30:1800+30"]

1. e4 e6 2. Nf3 d5 3. e5 c5 4. d4 cxd4 5. Nxd4 Nc6 6. Bb5 Qb6 7. Be3 Bc5 8. O-O Bxd4 9. Bxc6+ bxc6 10. Bxd4 c5 11. Be3 Qxb2 12. Nd2 Qxe5 13. Bxc5 Nf6 14. Re1 Qc3 15. Nb3 Bb7 16. Re3 Qc4 17. Bd4 Rc8 18. Rc1 Qa6 19. Nc5 Qc6 20. Nxb7 Qxb7 21. Rb1 Qa6 22. Bxf6 gxf6 23. Rb2 Qc4 24. h3 h5 25. Qd3 Qxd3 26. Rxd3 O-O 27. Rg3+ Kh7 28. Ra3 Rc7 29. Kh2 Rg8 30. Rf3 f5 31. a4 d4 32. a5 a6 33. g3 Kg6 34. h4 f6 35. Rb6 Ra8 36. Rxe6 Rxc2 37. Rd6 Rc3 38. Kg2 Rc5 39. Ra3 Rc4 40. Rd3 Ra4 41. R3xd4 Rxa5 42. Kh3 Ra1 43. f3 Re8 44. Rd2 Re3 45. Rf2 Raa3 46. Kg2 Kf7 47. Rd8 a5 48. Rd7+ Kg6 49. Rd8 1/2-1/2

[Event "45th FIDE Womens Olympiad 2024"]
[Site "Budapest"]
[Date "2024.09.13"]
[Round "3.31"]
[White "Pham, Bich Ngoc"]
[Black "Krush, Irina"]
[Result "0-1"]
[ECO "A05"]
[WhiteElo "2199"]
[BlackElo "2396"]
[Annotator "RC"]
[PlyCount "46"]
[EventDate "2024.09.05"]
[EventType "team-tourn"]
[EventCountry "HUN"]
[SourceTitle "playchess.com"]
[Source "ChessBase"]
[SourceQuality "1"]
[WhiteTeam "Canada"]
[BlackTeam "United States of America"]
[WhiteTeamCountry "CAN"]
[BlackTeamCountry "USA"]
[TimeControl "40/5400+30:1800+30"]

1. Nf3 Nf6 2. g3 b5 3. a4 b4 4. d4 e6 5. a5 c5 6. Bg2 d5 7. c4 bxc3 8. Nxc3 Nc6 9. O-O Be7 10. dxc5 Bxc5 11. e4 O-O 12. Bg5 dxe4 13. Nd2 Ba6 14. Re1 Be7 15. Ndxe4 Nxe4 16. Bxe7 Qxe7 17. Rxe4 Rab8 18. Nd5 Qd8 19. Nc3 Rxb2 20. Na4 Rd2 21. Qe1 Nd4 22. Rxd4 Qxd4 23. Nc5 Re2 0-1

[Event "45th FIDE Womens Olympiad 2024"]
[Site "Budapest"]
[Date "2024.09.13"]
[Round "3.31"]
[White "Redzuan, Nur Ainul Mardhiah"]
[Black "Kponsou, Afiwa"]
[Result "0-1"]
[ECO "B06"]
[WhiteElo "1481"]
[BlackElo "1453"]
[Annotator "NA"]
[PlyCount "82"]
[EventDate "2024.09.05"]
[EventType "team-tourn"]
[EventCountry "HUN"]
[SourceTitle "playchess.com"]
[Source "ChessBase"]
[SourceQuality "1"]
[WhiteTeam "Brunei Darussalam"]
[BlackTeam "Togo"]
[BlackTeamCountry "TOG"]
[TimeControl "40/5400+30:1800+30"]

1. e4 d6 2. d4 g6 3. Nf3 Bg7 4. Nc3 Nd7 5. Bc4 e6 6. O-O Ne7 7. Be3 O-O 8. h3 a6 9. a4 c5 10. Re1 Qc7 11. Qd3 Nb6 12. Ba2 c4 13. Qd2 Bd7 14. b3 Rac8 15. Rac1 d5 16. Bf4 Qd8 17. exd5 cxb3 18. Bxb3 Nexd5 19. Nxd5 Nxd5 20. Bh6 Bc6 21. c4 Nb6 22. Bxg7 Kxg7 23. Qb4 Bxf3 24. gxf3 Qxd4 25. a5 Nd5 26. Qxb7 Rb8 27. Red1 Qxd1+ 28. Bxd1 Rxb7 29. cxd5 exd5 30. Rc6 Rb1 31. Kf1 Rxd1+ 32. Ke2 Ra1 33. Rxa6 Re8+ 34. Kd3 Ra4 35. Kd2 Re6 36. Ra7 Rf6 37. Ke3 d4+ 38. Ke2 Ra3 39. Ra8 Rfxf3 40. Rd8 Rxh3 41. Rxd4 Ra2+ 0-1

[Event "45th FIDE Womens Olympiad 2024"]
[Site "Budapest"]
[Date "2024.09.13"]
[Round "3.32"]
[White "Lee, Alice"]
[Black "Golubeva, Oksana"]
[Result "1-0"]
[ECO "E01"]
[WhiteElo "2384"]
[BlackElo "2119"]
[Annotator "RC"]
[PlyCount "99"]
[EventDate "2024.09.05"]
[EventType "team-tourn"]
[EventCountry "HUN"]
[SourceTitle "playchess.com"]
[Source "ChessBase"]
[SourceQuality "1"]
[WhiteTeam "United States of America"]
[BlackTeam "Canada"]
[BlackTeamCountry "CAN"]
[TimeControl "40/5400+30:1800+30"]

1. d4 d5 2. c4 e6 3. Nf3 Nf6 4. g3 c5 5. cxd5 cxd4 6. dxe6 Bxe6 7. Bg2 Nc6 8. O-O Qb6 9. b3 Bc5 10. Ne1 O-O 11. Nd3 Rfe8 12. Nd2 Bf8 13. Nf4 Bf5 14. Bb2 Rad8 15. Rc1 Qa6 16. a3 Bd6 17. Re1 Bxf4 18. gxf4 Nd5 19. Rc5 Nce7 20. e4 dxe3 21. fxe3 Qg6 22. Kh1 Nf6 23. Bd4 Ng4 24. Qf3 Nc6 25. Qg3 Nf6 26. Bxc6 bxc6 27. Qxg6 hxg6 28. Rec1 Nd5 29. Rxc6 Nxe3 30. Bc3 Ng4 31. Ba5 Rd3 32. Kg1 Re2 33. Nf1 Nxh2 34. R6c3 Nxf1 35. Kxf1 Ree3 36. Rxd3 Rxd3 37. Rc3 Rd4 38. Bc7 Rd2 39. b4 a6 40. Ke1 Ra2 41. Be5 Be6 42. Kd1 Kf8 43. Kc1 f6 44. Bd4 Bd7 45. Rc7 a5 46. Rxd7 Rxa3 47. b5 Rb3 48. b6 a4 49. b7 a3 50. Rd8+ 1-0

[Event "45th FIDE Womens Olympiad 2024"]
[Site "Budapest"]
[Date "2024.09.13"]
[Round "3.33"]
[White "Wagner, Dinara"]
[Black "Unuk, Laura"]
[Result "1/2-1/2"]
[ECO "D37"]
[WhiteElo "2452"]
[BlackElo "2316"]
[Annotator "RC"]
[PlyCount "61"]
[EventDate "2024.09.05"]
[EventType "team-tourn"]
[EventCountry "HUN"]
[SourceTitle "playchess.com"]
[Source "ChessBase"]
[SourceQuality "1"]
[WhiteTeam "Germany"]
[BlackTeam "Slovenia"]
[WhiteTeamCountry "GER"]
[BlackTeamCountry "SLO"]
[TimeControl "40/5400+30:1800+30"]

1. d4 d5 2. c4 e6 3. Nf3 a6 4. cxd5 exd5 5. Nc3 Nf6 6. Bg5 Be6 7. e3 Nbd7 8. Bd3 h6 9. Bh4 g5 10. Bg3 Nh5 11. O-O Nxg3 12. hxg3 c6 13. e4 dxe4 14. Bxe4 Nf6 15. Re1 Qa5 16. Ne5 Nxe4 17. Nxe4 O-O-O 18. Qf3 Qc7 19. Rac1 Bd5 20. Qf5+ Kb8 21. a3 Qc8 22. Qf6 Rg8 23. g4 Bg7 24. Qf3 Ka8 25. Qg3 f5 26. gxf5 Qxf5 27. Nc3 Qf4 28. Qxf4 gxf4 29. Nxd5 Rxd5 30. Re4 Rgd8 31. Rc4 1/2-1/2

[Event "45th FIDE Womens Olympiad 2024"]
[Site "Budapest"]
[Date "2024.09.13"]
[Round "3.33"]
[White "Asha huang Limboo"]
[Black "Jambo, Linda"]
[Result "0-1"]
[ECO "C50"]
[WhiteElo "1420"]
[BlackElo "1629"]
[Annotator "NA"]
[PlyCount "60"]
[EventDate "2024.09.05"]
[EventType "team-tourn"]
[EventCountry "HUN"]
[SourceTitle "playchess.com"]
[Source "ChessBase"]
[SourceQuality "1"]
[WhiteTeam "Bhutan"]
[BlackTeam "Malawi"]
[WhiteTeamCountry "BTN"]
[BlackTeamCountry "MWI"]
[TimeControl "40/5400+30:1800+30"]

1. e4 e5 2. Nf3 Nc6 3. Bc4 Nf6 4. Nc3 h6 5. d4 exd4 6. Nxd4 Nxd4 7. Qxd4 d6 8. O-O Be7 9. Nd5 O-O 10. Nxf6+ Bxf6 11. Qd3 Re8 12. Re1 c6 13. Rb1 d5 14. Bb3 dxe4 15. Rxe4 Rxe4 16. Bxh6 Qxd3 17. cxd3 Re2 18. Kf1 Bg4 19. Be3 Rxb2 20. Rxb2 Bxb2 21. h3 Be6 22. g4 Bxb3 23. axb3 b6 24. f4 Re8 25. Kf2 c5 26. f5 Bd4 27. Bxd4 cxd4 28. b4 Re3 29. h4 Rxd3 30. g5 Rh3 0-1

[Event "45th FIDE Womens Olympiad 2024"]
[Site "Budapest"]
[Date "2024.09.13"]
[Round "3.34"]
[White "Urh, Zala"]
[Black "Paehtz, Elisabeth"]
[Result "1/2-1/2"]
[ECO "D13"]
[WhiteElo "2251"]
[BlackElo "2455"]
[Annotator "RC"]
[PlyCount "66"]
[EventDate "2024.09.05"]
[EventType "team-tourn"]
[EventCountry "HUN"]
[SourceTitle "playchess.com"]
[Source "ChessBase"]
[SourceQuality "1"]
[WhiteTeam "Slovenia"]
[BlackTeam "Germany"]
[WhiteTeamCountry "SLO"]
[BlackTeamCountry "GER"]
[TimeControl "40/5400+30:1800+30"]

1. d4 Nf6 2. c4 c6 3. Nc3 d5 4. cxd5 cxd5 5. Bf4 Nc6 6. e3 a6 7. Be2 e6 8. Nf3 Be7 9. h3 O-O 10. O-O Bd7 11. Bd3 b5 12. a4 bxa4 13. Nxa4 Nb4 14. Ne5 Nxd3 15. Nxd3 Ne4 16. f3 Nd6 17. Nac5 Bb5 18. Qd2 Nc4 19. Qf2 Bh4 20. Qe2 Be7 21. Qf2 Na5 22. Rfd1 Ra7 23. Qe1 Nc6 24. Ne5 Nxe5 25. Bxe5 Qb6 26. b4 Re8 27. Qc3 Bc4 28. Ra5 Bf8 29. Rda1 Rd8 30. Qa3 Raa8 31. Qc3 Ra7 32. Qa3 Raa8 33. Qc3 Ra7 1/2-1/2

[Event "45th FIDE Womens Olympiad 2024"]
[Site "Budapest"]
[Date "2024.09.13"]
[Round "3.35"]
[White "Klek, Hanna Marie"]
[Black "Janzelj, Lara"]
[Result "1-0"]
[ECO "C90"]
[WhiteElo "2296"]
[BlackElo "2193"]
[Annotator "RC"]
[PlyCount "73"]
[EventDate "2024.09.05"]
[EventType "team-tourn"]
[EventCountry "HUN"]
[SourceTitle "playchess.com"]
[Source "ChessBase"]
[SourceQuality "1"]
[WhiteTeam "Germany"]
[BlackTeam "Slovenia"]
[WhiteTeamCountry "GER"]
[BlackTeamCountry "SLO"]
[TimeControl "40/5400+30:1800+30"]

1. e4 e5 2. Nf3 Nc6 3. Bb5 a6 4. Ba4 Nf6 5. O-O Be7 6. d3 b5 7. Bb3 O-O 8. Re1 d6 9. c3 Na5 10. Bc2 c5 11. Nbd2 Qc7 12. Nf1 Re8 13. h3 Nc6 14. Ng3 Nd8 15. d4 g6 16. d5 Bf8 17. b4 a5 18. Bg5 Bg7 19. a4 cxb4 20. cxb4 axb4 21. Qd2 Bd7 22. axb5 Nb7 23. Be3 Rac8 24. Ra7 Qb8 25. b6 b3 26. Bb1 Nc5 27. Qb4 Red8 28. Nd2 Be8 29. Nc4 Rd7 30. Qa3 Bf8 31. Rc1 Rb7 32. Bxc5 dxc5 33. Qa6 Rd7 34. Rc3 Be7 35. b7 Rcc7 36. Rxb3 Nxd5 37. Ra8 1-0

[Event "45th FIDE Womens Olympiad 2024"]
[Site "Budapest"]
[Date "2024.09.13"]
[Round "3.35"]
[White "Yeshey lhaden"]
[Black "Msukwa, Tupokiwe"]
[Result "0-1"]
[ECO "D02"]
[WhiteElo "1514"]
[BlackElo "1674"]
[Annotator "NA"]
[PlyCount "72"]
[EventDate "2024.09.05"]
[EventType "team-tourn"]
[EventCountry "HUN"]
[SourceTitle "playchess.com"]
[Source "ChessBase"]
[SourceQuality "1"]
[WhiteTeam "Bhutan"]
[BlackTeam "Malawi"]
[WhiteTeamCountry "BTN"]
[BlackTeamCountry "MWI"]
[TimeControl "40/5400+30:1800+30"]

1. d4 d5 2. Bf4 Nf6 3. Nf3 Bf5 4. e3 a6 5. Nbd2 h6 6. c4 e6 7. Qa4+ Nbd7 8. c5 Be7 9. Ne5 O-O 10. Nxd7 Nxd7 11. f3 Bh4+ 12. g3 Be7 13. e4 dxe4 14. fxe4 Bh7 15. h4 Nf6 16. Bd3 Bxc5 17. Qc2 Bxd4 18. Nf3 Bb6 19. O-O-O Qe7 20. Kb1 Ng4 21. Rhe1 e5 22. Bd2 Rfd8 23. Be2 Nf2 24. Qc3 Nxe4 25. Qc1 Nxd2+ 26. Ka1 Nxf3 27. Bxf3 e4 28. Qc4 Rxd1+ 29. Bxd1 Qc5 30. Qxc5 Bxc5 31. Re2 Rd8 32. Bc2 e3 33. Bb3 Rd2 34. Re1 Bd4 35. a4 Rxb2 36. Rd1 Rd2# 0-1

[Event "45th FIDE Womens Olympiad 2024"]
[Site "Budapest"]
[Date "2024.09.13"]
[Round "3.36"]
[White "Vidic, Teja"]
[Black "Schulze, Lara"]
[Result "1-0"]
[ECO "A13"]
[WhiteElo "2128"]
[BlackElo "2283"]
[Annotator "RC"]
[PlyCount "81"]
[EventDate "2024.09.05"]
[EventType "team-tourn"]
[EventCountry "HUN"]
[SourceTitle "playchess.com"]
[Source "ChessBase"]
[SourceQuality "1"]
[WhiteTeam "Slovenia"]
[BlackTeam "Germany"]
[WhiteTeamCountry "SLO"]
[BlackTeamCountry "GER"]
[TimeControl "40/5400+30:1800+30"]

1. Nf3 d5 2. c4 e6 3. b3 d4 4. g3 Nc6 5. Bg2 e5 6. d3 Bb4+ 7. Nbd2 a5 8. O-O f5 9. Qc2 Nf6 10. Nh4 O-O 11. Ndf3 Ra6 12. Bd2 Bc5 13. a3 Qd6 14. Qb2 Re8 15. Ne1 e4 16. Nc2 Rb6 17. Rab1 Ne5 18. b4 Qd8 19. Qa1 axb4 20. axb4 Ra6 21. Qb2 Bf8 22. Nxd4 exd3 23. exd3 Nxd3 24. Qc3 Nxb4 25. Ndxf5 c5 26. Bg5 h6 27. Rfd1 Qb6 28. Be3 g5 29. Nd6 Bxd6 30. Qxf6 Bf8 31. Qxb6 Rxb6 32. Nf3 Be6 33. Ne5 Bf5 34. Nd7 Rg6 35. Nxf8 Rxf8 36. Bxc5 Bxb1 37. Rxb1 Rc8 38. Bxb4 Rb6 39. Bd5+ Kh7 40. Be4+ Kg8 41. c5 1-0

[Event "45th FIDE Womens Olympiad 2024"]
[Site "Budapest"]
[Date "2024.09.13"]
[Round "3.37"]
[White "Linares Napoles, Oleiny"]
[Black "Khademalsharieh, Sarasadat"]
[Result "1/2-1/2"]
[ECO "A13"]
[WhiteElo "2201"]
[BlackElo "2468"]
[Annotator "RC"]
[PlyCount "59"]
[EventDate "2024.09.05"]
[EventType "team-tourn"]
[EventCountry "HUN"]
[SourceTitle "playchess.com"]
[Source "ChessBase"]
[SourceQuality "1"]
[WhiteTeam "Cuba"]
[BlackTeam "Spain"]
[WhiteTeamCountry "CUB"]
[BlackTeamCountry "ESP"]
[TimeControl "40/5400+30:1800+30"]

1. Nf3 d5 2. c4 e6 3. g3 dxc4 4. Bg2 Nd7 5. O-O a6 6. Qc2 Ngf6 7. Qxc4 b5 8. Qc2 Bb7 9. b3 c5 10. Bb2 Rc8 11. d3 Be7 12. Nbd2 O-O 13. Rac1 Qb6 14. Qb1 Rfd8 15. Rfd1 h6 16. Qa1 Ne8 17. d4 Bf6 18. h3 Qa7 19. g4 Qb8 20. dxc5 Nxc5 21. Be5 Qa8 22. h4 Ne4 23. Nxe4 Rxd1+ 24. Rxd1 Bxe4 25. g5 hxg5 26. hxg5 Be7 27. Bf4 Rd8 28. Rxd8 Qxd8 29. Qd4 Qxd4 30. Nxd4 1/2-1/2

[Event "45th FIDE Womens Olympiad 2024"]
[Site "Budapest"]
[Date "2024.09.13"]
[Round "3.37"]
[White "Spinola, Divania"]
[Black "Lazzarini, Giulia"]
[Result "1-0"]
[ECO "C50"]
[WhiteElo "1583"]
[BlackElo "1520"]
[Annotator "NA"]
[PlyCount "29"]
[EventDate "2024.09.05"]
[EventType "team-tourn"]
[EventCountry "HUN"]
[SourceTitle "playchess.com"]
[Source "ChessBase"]
[SourceQuality "1"]
[WhiteTeam "Cape Verde"]
[BlackTeam "San Marino"]
[BlackTeamCountry "SMR"]
[TimeControl "40/5400+30:1800+30"]

1. e4 e5 2. Nf3 Nc6 3. Nc3 d6 4. Bc4 Bg4 5. h3 Bh5 6. d3 Be7 7. O-O Qd7 8. Be3 a6 9. a4 O-O-O 10. Re1 f5 11. exf5 Nh6 12. Be6 Be8 13. Bxd7+ Bxd7 14. g4 g6 15. Bxh6 1-0